 Dungeon Crawl Stone Soup version 0.28-a0-1447-ga5a8893891 (webtiles) character file.

Game seed: 5269182309061001148

14 herbaltea the Skirmisher (level 2, -3/22 (24) HPs)
             Began as a Formicid Abyssal Knight on Jan 10, 2022.
             Was a Follower of Lugonu.
             Slain by a gnoll (5 damage)
             ... on level 1 of the Dungeon.
             The game lasted 00:02:11 (404 turns).

herbaltea the Skirmisher (Formicid Abyssal Knight)   Turns: 404, Time: 00:02:11

HP:   -3/22 (24)    AC:  3    Str: 17    XL:     2   Next: 55%
MP:   3/3           EV: 11    Int:  9    God:    Lugonu [*.....]
Gold: 0             SH:  3    Dex: 11    Spells: 1/1 levels left

rFire   . . .      SeeInvis +   a - +1 hand axe
rCold   . . .      Faith    .   c - +0 buckler
rNeg    . . .      Spirit   .   b - +0 leather armour
rPois   .          Reflect  .   (helmet unavailable)
rElec   .          Harm     .   (no cloak)
rCorr   .          Rampage  .   (no gloves)
Will    .....                   (no boots)
Stlth   +.........              (no amulet)
HPRegen 0.07/turn               (no ring)
MPRegen 0.08/turn               (no ring)

@: drained
A: permanent stasis, dig shafts and tunnels, antennae 3, four strong arms
a: Dig, Shaft Self, Renounce Religion, Depart the Abyss


You were on level 1 of the Dungeon.
You worshipped Lugonu.
Lugonu was aware of your devotion.
You visited 1 branch of the dungeon, and saw 1 of its levels.
You visited the Abyss 1 time.

Inventory:

Hand Weapons
 a - a +1 hand axe (weapon)
 d - a +1 dagger of draining
Missiles
 f - 17 stones
Armour
 b - a +0 leather armour (worn)
 c - a +0 buckler (worn)
Scrolls
 e - a scroll of holy word {unknown}
Potions
 g - 2 potions of lignification {unknown}


   Skills:
 + Level 3.5 Fighting
 * Level 2.2 Axes
 + Level 2.2 Armour
 + Level 1.0 Dodging
 * Level 0.4 Shields
 + Level 2.4 Invocations


You had one spell level left.
You didn't know any spells.
Your spell library was empty.

Dungeon Overview and Level Annotations

Branches:
Dungeon (1/15)

Altars:


Innate Abilities, Weirdness & Mutations

You cannot be hasted, slowed, berserked, paralysed or teleported.
You can dig through walls and to a lower floor.
You have a pair of large antennae on your head. (SInv)
Your four strong arms can wield two-handed weapons with a shield.


Message History

You barely miss the bat.
The bat is heavily wounded.
The bat closely misses you.
You hit the bat but do no damage.
The bat is heavily wounded.
You block the bat's attack.
You hit the bat.
You kill the bat!
Lugonu accepts your kill.
Found a stone staircase leading down.
g - 2 orange potions A gnoll comes into view.
It is wielding a +0 spear.
The gnoll shouts!
Found a scroll labelled KOPLOULASI.
As you open the door, it creaks loudly!
There is an open door here.
Unknown command.
There is an open door here.
The gnoll misses you. The gnoll hits you with a +0 spear!
You hit the gnoll.
The gnoll is moderately wounded.
The gnoll barely misses you.
You completely miss the gnoll.
The gnoll is lightly wounded.
The gnoll hits you with a +0 spear.
You closely miss the gnoll.
The gnoll is lightly wounded.
The gnoll misses you. The gnoll hits you with a +0 spear!
You slash the gnoll!
The gnoll is severely wounded.
The gnoll hits you with a +0 spear.
* * * LOW HITPOINT WARNING * * *
You block the gnoll's attack.
You enter a teleport trap!
The teleport trap disappears.
The gnoll misses you.
You hit the gnoll but do no damage.
The gnoll is severely wounded.
The gnoll hits you with a +0 spear.
You die...

...##.....###.≈....≈.....
.# ........####..#....#.
#. ######...# #..'#≈≈## .
##..###.......# .r
#...##....#####
#...##.#### #.......#
#....g..# #.....@.#
#.......# #########


You could see a gnoll.

Vanquished Creatures
  A bat (D:1)
  3 goblins (D:1)
  2 hobgoblins (D:1)
  3 jackals (D:1)
  2 rats (D:1)
11 creatures vanquished.

Notes
Turn   | Place    | Note
-------+----------+-------------------------------------------
     0 | Abyss:1  | herbaltea the Formicid Abyssal Knight began the quest for
                  | the Orb.
     0 | Abyss:1  | Reached XP level 1. HP: 18/18 MP: 2/2
    13 | D:1      | Escaped the Abyss
    66 | D:1      | Reached XP level 2. HP: 20/24 MP: 3/3
   145 | D:1      | Found a faded altar of an unknown god.
   153 | D:1      | Reached skill level 1 in Dodging
   387 | D:1      | HP: 1/22 [gnoll (6)]
   404 | D:1      | Slain by a gnoll

Illustrated notes

Levels and vault maps discovered:
D:1:      dpeg_arrival_rooms_with_view, layout_rooms,
          hellmonk_ecumenical_altar_dog_temple, st_stairs_5

Skill      XL: |  1  2 |
---------------+-------+-----
Dodging        | 1 |  1.0
Fighting       | |  3.5
Axes           | |  2.2
Armour         | |  2.2
Shields        | |  0.4
Invocations    | |  2.4

Action                   || total
-------------------------++-------
Melee: Hand axe          ||    43
 Abil: Dig               ||     2
Armor: Leather armour    ||    12
Dodge: Dodged            ||    26
Block: Buckler           ||     6

Table legend: (Time is in decaauts)
 A = Elapsed time spent in this place.
 B = Non-inter-level travel time spent in this place.
 C = Inter-level travel time spent in this place.
 D = Time resting spent in this place.
 E = Time spent auto-exploring this place.
 F = Levels seen in this place.
 G = Mean time per level.
                   A        B        C        D        E       F      G
               +--------+--------+--------+--------+--------+-----+--------+
         Total |    414 |    414 |      0 |      0 |    238 |   2 |  207.0 |
       Dungeon |    401 |    401 |      0 |      0 |    235 |   1 |  401.0 |
         Abyss |     13 |     13 |      0 |      0 |      3 |   1 |   13.0 |
               +--------+--------+--------+--------+--------+-----+--------+

Top non-repeatable levels by time:
     D:1: 401 daAuts
 Abyss:1: 13 daAuts
